[Event "TCh-ESP Div Honor 2016"]
[White "Almagro Llamas, Pablo"]
[Black "De La Villa Garcia, Jesus Maria"]
[Site "Monzon"]
[Result "1-0"]
[Date "2016.09.30"]
[WhiteElo "2436"]
[BlackElo "2473"]
[PlyCount "73"]
[TimeControl "60"]

1. d4 Nf6 2. c4 e6 3. Nf3 d5 4. Nc3 dxc4 5. e3 a6 6. Bxc4 b5 7. Bb3 Bb7 8. 0-0 c5 9. Qe2 Nbd7 10. Rd1 Qc7 11. d5 exd5 12. Nxd5 Nxd5 13. Bxd5 Bxd5 14. Rxd5 Be7 15. b3 0-0 16. Bb2 Rfd8 17. Rc1 Nf8 18. Rf5 f6 19. e4 Ng6 20. g3 Qd7 21. h4 Qd3 22. Qe1 Nf8 23. Kg2 Ne6 24. h5 Ra7 25. h6 g6 26. Rxf6 Bxf6 27. Bxf6 Rf8 28. Rd1 Qxd1 29. Qxd1 Rxf6 30. Ne5 Re7 31. Qd5 Rf8 32. Nc6 Ree8 33. Qd7 c4 34. bxc4 bxc4 35. Ne7+ Kf7 36. Nd5+ Kg8 37. e5 1-0

[Event "TCh-ESP Div Honor 2016"]
[White "Argandona Riveiro, Inigo"]
[Black "Vallejo Pons, Francisco"]
[Site "Monzon"]
[Result "0-1"]
[Date "2016.09.30"]
[WhiteElo "2453"]
[BlackElo "2716"]
[PlyCount "74"]
[TimeControl "60"]

1. Nf3 g6 2. c4 f5 3. g3 Bg7 4. d4 b6 5. Bg2 Bb7 6. 0-0 Nf6 7. a4 a5 8. Nc3 Na6 9. Bf4 0-0 10. Qb3 e6 11. Nb5 Rb8 12. Rfd1 h6 13. h4 d6 14. Qe3 Kh7 15. Rac1 Ne4 16. Nc3 Qe8 17. Qd3 e5 18. dxe5 dxe5 19. Be3 Nxc3 20. Qxc3 e4 21. Bd4 exf3 22. Bxg7 Rf7 23. Bxh6 fxe2 24. Rd4 Bxg2 25. Kxg2 Kxh6 26. Qd2+ Kg7 27. h5 Qc6+ 28. f3 gxh5 29. Rh1 Re8 30. Rdh4 Qd6 31. Qe1 Qb4 32. Qc1 e1=Q 33. Qg5+ Kf8 34. Qh6+ Rg7 35. Qh8+ Kf7 36. Qxh5+ Kf6 37. Rxe1 Qxe1 0-1

[Event "TCh-ESP Div Honor 2016"]
[White "Arizmendi Martinez, Julen Luis"]
[Black "Santos Latasa, Jaime"]
[Site "Monzon"]
[Result "1-0"]
[Date "2016.09.30"]
[WhiteElo "2489"]
[BlackElo "2569"]
[PlyCount "103"]
[TimeControl "60"]

1. e4 c5 2. Nf3 e6 3. d4 cxd4 4. Nxd4 Nc6 5. Nc3 Qc7 6. g3 a6 7. Bg2 d6 8. 0-0 Bd7 9. Re1 Be7 10. Nxc6 Bxc6 11. a4 Nf6 12. a5 0-0 13. Be3 Nd7 14. Na4 Rae8 15. Nb6 Nxb6 16. Bxb6 Qd7 17. Qe2 Bd8 18. Bxd8 Qxd8 19. Qd2 Qc7 20. Rad1 Rd8 21. Qb4 Rd7 22. Rd2 Rfd8 23. c4 h6 24. b3 g6 25. Red1 Kg7 26. h4 h5 27. Rd3 Kg8 28. R3d2 Kg7 29. Rd3 Kg8 30. Kh2 Kg7 31. R3d2 Kg8 32. Rd3 Kg7 33. f4 Kg8 34. R1d2 Kg7 35. Rd1 Kg8 36. R1d2 Kg7 37. Rf2 d5 38. cxd5 exd5 39. Qd4+ Kg8 40. e5 Re7 41. b4 Bb5 42. Rc3 Bc6 43. Bh3 Rde8 44. Bg2 Rd8 45. Rfc2 Qd7 46. Rd2 Qe8 47. Re3 Re6 48. Bh3 Re7 49. f5 Qf8 50. Rf2 Qh6 51. f6 Ree8 52. e6 1-0

[Event "TCh-ESP Div Honor 2016"]
[White "Baklan, Vladimir"]
[Black "Kryvoruchko, Yuriy"]
[Site "Monzon"]
[Result "1/2-1/2"]
[Date "2016.09.30"]
[WhiteElo "2619"]
[BlackElo "2693"]
[PlyCount "97"]
[TimeControl "60"]

1. e4 e5 2. Nf3 Nc6 3. Bb5 Nf6 4. 0-0 Nxe4 5. Re1 Nd6 6. Nxe5 Be7 7. Bf1 Nxe5 8. Rxe5 0-0 9. d4 Bf6 10. Re1 Re8 11. c3 Rxe1 12. Qxe1 Ne8 13. Bf4 d5 14. Bd3 g6 15. Nd2 Ng7 16. Nf3 Bf5 17. Bxf5 Nxf5 18. Qe2 c6 19. Re1 Ng7 20. Be5 Ne6 21. Qe3 Qe7 22. Qh6 Bxe5 23. Rxe5 f6 24. Re2 Re8 25. h4 Qf8 26. Qd2 Ng7 27. Rxe8 Qxe8 28. Qf4 Qd8 29. g4 Ne6 30. Qe3 Qd7 31. g5 Qf7 32. Kg2 Kf8 33. gxf6 Qxf6 34. Ng5 Nxg5 35. hxg5 Qd6 36. Kf3 Kf7 37. Qf4+ Qxf4+ 38. Kxf4 Ke6 39. a4 b6 40. b4 a6 41. Kg4 b5 42. a5 Ke7 43. f4 Ke6 44. f5+ gxf5+ 45. Kf4 Ke7 46. Kxf5 Kf7 47. Kf4 Kf8 48. Kg4 Kg8 49. Kf5 1/2-1/2

[Event "TCh-ESP Div Honor 2016"]
[White "Calzetta Ruiz, Monica"]
[Black "Rudolf, Anna"]
[Site "Monzon"]
[Result "0-1"]
[Date "2016.09.30"]
[WhiteElo "2249"]
[BlackElo "2247"]
[PlyCount "162"]
[TimeControl "60"]

1. e4 e5 2. Nf3 Nc6 3. Bb5 a6 4. Ba4 Nf6 5. d3 b5 6. Bb3 Be7 7. 0-0 d6 8. c3 0-0 9. Re1 Na5 10. Bc2 c5 11. Nbd2 Re8 12. Nf1 Nc6 13. Ng3 Bf8 14. h3 h6 15. d4 Bb7 16. d5 Ne7 17. h4 Qd7 18. h5 Qg4 19. Nh2 Qxd1 20. Bxd1 Bc8 21. f4 exf4 22. Bxf4 Nexd5 23. Bd2 Nb6 24. Bf3 Ra7 25. b3 Be6 26. Bf4 Nbd7 27. Rad1 Ne5 28. Nhf1 c4 29. Be3 Rc7 30. b4 Nd3 31. Re2 Ng4 32. Bd4 Be7 33. a4 Bf6 34. Bxf6 Nxf6 35. axb5 axb5 36. Ra2 d5 37. Ne3 dxe4 38. Nxe4 Nxe4 39. Bxe4 Bg4 40. Nxg4 Rxe4 41. Ra8+ Kh7 42. Nf2 Re3 43. Rb8 Rce7 44. Nxd3 cxd3 45. Rd8 R7e5 46. R8xd3 Rxd3 47. Rxd3 Rxh5 48. Kf2 Re5 49. Rd4 Kg6 50. c4 bxc4 51. Rxc4 h5 52. Rc2 Kf5 53. Rb2 Rb5 54. Ke3 Ke5 55. Kd3 Kd5 56. Kc3 Kc6 57. Rf2 f6 58. Re2 Rg5 59. Ra2 Rg3+ 60. Kc4 Rg4+ 61. Kb3 Kb5 62. Ra5+ Kb6 63. Rxh5 Rxg2 64. Rd5 Rg4 65. Ka4 Rf4 66. Rd6+ Kc7 67. Ra6 g5 68. Ka5 g4 69. b5 Rf1 70. Ra7+ Kd6 71. Rg7 f5 72. Kb6 Rb1 73. Rg5 Ke5 74. Kc6 Rc1+ 75. Kd7 Rb1 76. Kc6 Kf4 77. Rg8 Kf3 78. b6 g3 79. b7 g2 80. Rg5 f4 81. Rb5 Rxb5 0-1

[Event "TCh-ESP Div Honor 2016"]
[White "Cheparinov, Ivan"]
[Black "Piorun, Kacper"]
[Site "Monzon"]
[Result "1-0"]
[Date "2016.09.30"]
[WhiteElo "2677"]
[BlackElo "2681"]
[PlyCount "183"]
[TimeControl "60"]

1. d4 Nf6 2. c4 g6 3. f3 d5 4. cxd5 Nxd5 5. e4 Nb6 6. Nc3 Bg7 7. Be3 0-0 8. Qd2 Nc6 9. 0-0-0 Qd6 10. Kb1 Rd8 11. Nb5 Qd7 12. d5 a6 13. Nc3 Qe8 14. Qc1 Na5 15. Bh6 Bxh6 16. Qxh6 e6 17. Nh3 Qf8 18. Qf4 Qe7 19. g4 e5 20. Qh6 c6 21. Be2 f6 22. Nf2 Nac4 23. Bxc4 Nxc4 24. Nd3 Nd6 25. h4 Bd7 26. Qe3 Be8 27. g5 Bf7 28. gxf6 Qxf6 29. Qg5 Qxg5 30. hxg5 Nc4 31. b3 Ne3 32. Rd2 cxd5 33. Nxe5 Be6 34. Re1 d4 35. Ne2 Rac8 36. Nxd4 Rxd4 37. Rxd4 Nc2 38. Red1 Nxd4 39. Rxd4 Kf8 40. Rd6 Ke7 41. Rb6 Rc7 42. Kb2 Bc8 43. a4 Be6 44. a5 Bc8 45. b4 Be6 46. f4 Bh3 47. Rf6 Bg2 48. Rf7+ Kd6 49. Rxc7 Kxc7 50. f5 Bxe4 51. f6 Kd6 52. Nf7+ Ke6 53. Nh6 Bd5 54. Kc3 Kd6 55. Kd4 Be6 56. Ke4 Bd5+ 57. Ke3 Be6 58. Kf4 Bc4 59. Ng4 Ke6 60. Ke4 Be2 61. Nh6 Bf1 62. Kd4 Bg2 63. Kc5 Bf3 64. Kb6 Kd7 65. Ka7 Ke6 66. Kb6 Kd7 67. Kc5 Ke6 68. Ng8 Be4 69. Kd4 Bh1 70. Ne7 Kd6 71. Nc8+ Ke6 72. Kc5 h6 73. gxh6 Kxf6 74. Nd6 g5 75. h7 Kg7 76. Nf7 Kxh7 77. Nxg5+ Kg6 78. Ne6 Kf5 79. Nd8 Ke5 80. Kb6 Kd4 81. Nxb7 Kc4 82. Nc5 Kxb4 83. Nxa6+ Ka4 84. Nc5+ Kb4 85. a6 Ba8 86. Nb7 Kc4 87. Kc6 Kd4 88. Kc7 Kc4 89. Kb8 Kb5 90. a7 Kb6 91. Kxa8 Kc7 92. Nd6 1-0

[Event "TCh-ESP Div Honor 2016"]
[White "Fedorchuk, Sergey A"]
[Black "Antoli Royo, Joaquin Miguel"]
[Site "Monzon"]
[Result "1-0"]
[Date "2016.09.30"]
[WhiteElo "2623"]
[BlackElo "2441"]
[PlyCount "127"]
[TimeControl "60"]

1. e4 e5 2. Nf3 Nc6 3. Bb5 a6 4. Ba4 Nf6 5. 0-0 Be7 6. d3 b5 7. Bb3 d6 8. a3 0-0 9. h3 Be6 10. Bxe6 fxe6 11. Re1 Qe8 12. c3 Qg6 13. Nbd2 Nh5 14. Nf1 Nd8 15. a4 b4 16. d4 bxc3 17. bxc3 Nf7 18. Ra2 Bg5 19. Ba3 exd4 20. cxd4 Rab8 21. Rb2 Nf4 22. Ng3 Be7 23. Rxb8 Rxb8 24. Bc1 Nh5 25. Nf1 Ng5 26. Bxg5 Bxg5 27. Qc2 Rf8 28. Qb3 Nf4 29. h4 Bd8 30. g3 Nh3+ 31. Kg2 Nf4+ 32. Kh1 Nh5 33. N1h2 Kh8 34. Qe3 Qe8 35. Ra1 Qc6 36. Kg1 Qc2 37. Ng5 Qc4 38. Rc1 Bxg5 39. hxg5 Qxa4 40. Rxc7 a5 41. g4 Ng3 42. Qxg3 Qxd4 43. Qf3 Kg8 44. Qe2 a4 45. Nf3 Qb4 46. Qe1 Qb3 47. Qc3 Qxc3 48. Rxc3 Rf4 49. e5 Rxg4+ 50. Kh2 d5 51. Rc6 Kf7 52. Kh3 Rc4 53. Ra6 Rc3 54. Kg4 Rc4+ 55. Kg3 Rb4 56. Nh4 d4 57. Ra7+ Kg8 58. f4 g6 59. Nf3 d3 60. Rd7 a3 61. Ra7 Rb3 62. Kf2 Kf8 63. Nd2 Kg8 64. Nb1 1-0

[Event "TCh-ESP Div Honor 2016"]
[White "Forcen Esteban, Daniel"]
[Black "Laznicka, Viktor"]
[Site "Monzon"]
[Result "1/2-1/2"]
[Date "2016.09.30"]
[WhiteElo "2540"]
[BlackElo "2651"]
[PlyCount "64"]
[TimeControl "60"]

1. d4 Nf6 2. Nf3 e6 3. e3 b6 4. Bd3 Bb7 5. 0-0 d5 6. b3 c5 7. Bb2 Be7 8. c4 cxd4 9. exd4 0-0 10. Nbd2 Nc6 11. Rc1 Rc8 12. Qe2 Re8 13. Rfd1 Bf8 14. Nf1 g6 15. Ne3 Bg7 16. c5 bxc5 17. dxc5 a5 18. a3 Qc7 19. Bb5 Re7 20. Bxc6 Qxc6 21. Be5 Ne4 22. Bxg7 Kxg7 23. b4 Qa4 24. Qb2+ f6 25. Nd4 e5 26. c6 Bxc6 27. Nxc6 Rxc6 28. Rxc6 Qxc6 29. b5 Qc3 30. Qxc3 Nxc3 31. Nxd5 Nxd5 32. Rxd5 Rc7 1/2-1/2

[Event "TCh-ESP Div Honor 2016"]
[White "Ganguly, Surya Shekhar"]
[Black "Cuenca Jimenez, Jose Fernando"]
[Site "Monzon"]
[Result "1-0"]
[Date "2016.09.30"]
[WhiteElo "2672"]
[BlackElo "2529"]
[PlyCount "65"]
[TimeControl "60"]

1. e4 c5 2. Nf3 d6 3. d4 cxd4 4. Nxd4 Nf6 5. Nc3 g6 6. Be3 Bg7 7. f3 0-0 8. Qd2 Nc6 9. 0-0-0 d5 10. Qe1 e5 11. Nxc6 bxc6 12. exd5 Nxd5 13. Bc4 Be6 14. Kb1 Rb8 15. Ne4 f5 16. Bxa7 Ra8 17. Bc5 Rf7 18. Bb3 fxe4 19. fxe4 Rd7 20. exd5 Bxd5 21. Bb4 Qc7 22. Qe3 Qb7 23. a3 Kh8 24. Rd2 Bxg2 25. Rhd1 Bd5 26. h4 Rad8 27. Qh3 Rf7 28. h5 gxh5 29. Qxh5 Rdd7 30. Ka1 h6 31. Bc3 Bf3 32. Rxd7 Bxh5 33. Bxf7 1-0

[Event "TCh-ESP Div Honor 2016"]
[White "Gonzalez De La Torre, Santiago"]
[Black "Dominguez Perez, Leinier"]
[Site "Monzon"]
[Result "0-1"]
[Date "2016.09.30"]
[WhiteElo "2459"]
[BlackElo "2720"]
[PlyCount "66"]
[TimeControl "60"]

1. e4 c5 2. Nf3 d6 3. d4 cxd4 4. Nxd4 Nf6 5. Nc3 a6 6. Be3 e5 7. Nf3 Be7 8. Bc4 0-0 9. 0-0 Nc6 10. Bg5 Be6 11. Bb3 Nd7 12. Bxe7 Qxe7 13. Nd5 Qd8 14. c3 Na5 15. Re1 Rc8 16. Ne3 Nxb3 17. axb3 Nc5 18. Nd5 f5 19. exf5 Bxf5 20. Re3 Kh8 21. b4 Ne6 22. h3 Bg6 23. Qd2 Bh5 24. Nh2 Be8 25. Rae1 Bc6 26. Rd3 Rf7 27. Ne3 Rd7 28. Nf5 Nf4 29. Rg3 Qf6 30. Ne3 Rf8 31. Nc4 Qe6 32. Na5 Bd5 33. Ng4 b6 0-1

[Event "TCh-ESP Div Honor 2016"]
[White "Harikrishna, P."]
[Black "Anton Guijarro, David"]
[Site "Monzon"]
[Result "1/2-1/2"]
[Date "2016.09.30"]
[WhiteElo "2752"]
[BlackElo "2630"]
[PlyCount "101"]
[TimeControl "60"]

1. e4 e6 2. d4 d5 3. Nc3 Nf6 4. e5 Nfd7 5. f4 c5 6. Nf3 Nc6 7. Be3 a6 8. Qd2 b5 9. dxc5 Bxc5 10. Ne2 Qb6 11. Bxc5 Nxc5 12. Ned4 Nxd4 13. Nxd4 b4 14. Qe3 Rb8 15. Bd3 a5 16. 0-0 0-0 17. Nb3 Nxb3 18. Qxb6 Rxb6 19. axb3 Ba6 20. Rxa5 Bxd3 21. cxd3 Rc6 22. Rb5 Rc2 23. Rxb4 Rxb2 24. f5 exf5 25. Rxf5 Rc8 26. Rf2 Rc1+ 27. Rf1 Rxf1+ 28. Kxf1 Kf8 29. Rb8+ Ke7 30. b4 Ke6 31. d4 Kf5 32. Rb7 f6 33. Rxg7 fxe5 34. dxe5 Rxb4 35. Rxh7 Rb1+ 36. Kf2 Rb2+ 37. Kg3 Kxe5 38. Re7+ Kf5 39. Rf7+ Ke4 40. Re7+ Kf5 41. Kf3 d4 42. g4+ Kf6 43. Rh7 d3 44. h4 Ke6 45. Rh8 Ke7 46. Ra8 Rb4 47. h5 Rd4 48. Ra1 d2 49. Ke2 Rxg4 50. h6 Rg2+ 51. Kd3 1/2-1/2

[Event "TCh-ESP Div Honor 2016"]
[White "Hernandez Estevez, Yudania"]
[Black "Sgircea, Silvia-Raluca"]
[Site "Monzon"]
[Result "0-1"]
[Date "2016.09.30"]
[WhiteElo "2224"]
[BlackElo "2286"]
[PlyCount "97"]
[TimeControl "60"]

1. e4 c5 2. Nf3 Nc6 3. Bb5 g6 4. Bxc6 bxc6 5. 0-0 Bg7 6. Re1 Nh6 7. c3 0-0 8. d4 Qb6 9. h3 cxd4 10. cxd4 d6 11. b3 f6 12. Bb2 Bb7 13. Nbd2 Nf7 14. Rc1 Rac8 15. Bc3 Ba8 16. Qe2 e5 17. dxe5 fxe5 18. Nc4 Qb8 19. Qb2 Rfe8 20. Qa3 Re6 21. Bb4 Rce8 22. Rcd1 d5 23. Ne3 dxe4 24. Nd2 Nd6 25. Bxd6 Rxd6 26. Nxe4 Rd4 27. Ng4 Re6 28. Ng5 Re8 29. Qc5 Rd5 30. Qc4 Qb5 31. Ne4 Rf8 32. Qc2 Qb4 33. Ne3 Rd4 34. a3 Qe7 35. b4 Bb7 36. Ng4 Qd8 37. Qb3+ Kh8 38. Nc5 Bc8 39. Ne3 Qf6 40. Qc2 Qg5 41. Ne4 Qf4 42. Ng3 Ba6 43. Rd2 Bd3 44. Qxc6 e4 45. Rc1 Bb5 46. Qc2 Ba4 47. Qa2 Bb3 48. Qb2 Rd3 49. Ra1 0-1

[Event "TCh-ESP Div Honor 2016"]
[White "Inarkiev, Ernesto"]
[Black "Banusz, Tamas"]
[Site "Monzon"]
[Result "1/2-1/2"]
[Date "2016.09.30"]
[WhiteElo "2732"]
[BlackElo "2613"]
[PlyCount "117"]
[TimeControl "60"]

1. e4 e5 2. Nf3 Nc6 3. Bb5 a6 4. Ba4 Nf6 5. 0-0 Nxe4 6. d4 b5 7. Bb3 d5 8. dxe5 Be6 9. Qe2 Be7 10. Rd1 0-0 11. c4 bxc4 12. Bxc4 Bc5 13. Be3 Bxe3 14. Qxe3 Qb8 15. Bb3 Qb6 16. Qxb6 cxb6 17. Na3 Rfd8 18. h3 Rac8 19. Rac1 h6 20. Nc2 Na5 21. Nb4 Nxb3 22. axb3 a5 23. Nc6 Re8 24. Ncd4 Bd7 25. Rxc8 Rxc8 26. Ne1 Re8 27. Nef3 Rc8 28. Nh2 Re8 29. Re1 Kf8 30. h4 g5 31. hxg5 hxg5 32. Nf1 g4 33. f3 gxf3 34. gxf3 Nc5 35. Re3 Ne6 36. Nxe6+ Bxe6 37. Rd3 f6 38. exf6 Kf7 39. Ne3 Kxf6 40. Kf2 d4 41. Rxd4 Bxb3 42. Nd5+ Bxd5 43. Rxd5 a4 44. Rb5 Ra8 45. Kg3 a3 46. bxa3 Rxa3 47. Kg4 Ra4+ 48. f4 Ra6 49. Rh5 Kg6 50. f5+ Kg7 51. Kg5 Ra1 52. f6+ Kg8 53. Kg6 Rg1+ 54. Kf5 Rf1+ 55. Ke6 Re1+ 56. Re5 Rxe5+ 57. Kxe5 Kf7 58. Kf5 Kf8 59. Ke4 1/2-1/2

[Event "TCh-ESP Div Honor 2016"]
[White "Iturrizaga Bonelli, Eduardo"]
[Black "Oparin, Grigoriy"]
[Site "Monzon"]
[Result "1/2-1/2"]
[Date "2016.09.30"]
[WhiteElo "2650"]
[BlackElo "2626"]
[PlyCount "67"]
[TimeControl "60"]

1. c4 e6 2. Nf3 Nf6 3. Nc3 b6 4. g3 Bb7 5. Bg2 c5 6. 0-0 Be7 7. b3 0-0 8. Bb2 d5 9. e3 Qc8 10. Rc1 Rd8 11. cxd5 Nxd5 12. Nxd5 Bxd5 13. Qe2 Qb7 14. Rfd1 Nd7 15. d4 Bf6 16. Ne1 Bxg2 17. Nxg2 cxd4 18. Bxd4 Bxd4 19. Rxd4 Ne5 20. Ne1 Rxd4 21. exd4 Nc6 22. Qf3 Rc8 23. d5 Nd8 24. Rxc8 Qxc8 25. Nd3 h6 26. Kg2 Qc7 27. dxe6 Nxe6 28. h4 Qd6 29. Qa8+ Kh7 30. Qe4+ g6 31. h5 Kg7 32. hxg6 fxg6 33. b4 Ng5 34. Qb7+ 1/2-1/2

[Event "TCh-ESP Div Honor 2016"]
[White "Magem Badals, Jordi"]
[Black "Espinosa Aranda, Angel"]
[Site "Monzon"]
[Result "1/2-1/2"]
[Date "2016.09.30"]
[WhiteElo "2543"]
[BlackElo "2438"]
[PlyCount "31"]
[TimeControl "60"]

1. e4 c5 2. Nf3 d6 3. d4 cxd4 4. Nxd4 Nf6 5. Nc3 Nc6 6. f3 e5 7. Nb3 Be7 8. Be3 0-0 9. Qd2 a5 10. Bb5 Na7 11. Be2 Be6 12. 0-0 Nc6 13. Bb5 Na7 14. Be2 Nc6 15. Bb5 Na7 16. Qd1 1/2-1/2

[Event "TCh-ESP Div Honor 2016"]
[White "Martin Alvarez, Inigo"]
[Black "Edouard, Romain"]
[Site "Monzon"]
[Result "0-1"]
[Date "2016.09.30"]
[WhiteElo "2296"]
[BlackElo "2635"]
[PlyCount "82"]
[TimeControl "60"]

1. e4 c5 2. Nf3 d6 3. d4 cxd4 4. Nxd4 Nf6 5. Nc3 Nc6 6. Bc4 Qb6 7. Nb3 e6 8. Bf4 Ne5 9. Be2 a6 10. Qd2 Qc7 11. f3 b5 12. g4 Rb8 13. g5 Nh5 14. Be3 Nc4 15. Bxc4 bxc4 16. Nd4 Rxb2 17. f4 g6 18. f5 gxf5 19. exf5 e5 20. Qe2 Ng7 21. 0-0 Bb7 22. f6 Ne6 23. Nxe6 fxe6 24. Rab1 Rxb1 25. Rxb1 Qc6 26. Qh5+ Kd8 27. Ne4 Qd7 28. Rxb7 Qxb7 29. Qg4 Kd7 30. Qh5 Kd8 31. Qg4 Qd7 32. g6 hxg6 33. Ng5 d5 34. Nxe6+ Kc8 35. f7 Qxf7 36. Nxf8+ Qf5 37. Qxf5+ gxf5 38. Ne6 f4 39. Bc1 Rh3 40. Bb2 d4 41. Ng5 Re3 0-1

[Event "TCh-ESP Div Honor 2016"]
[White "Matnadze, Ana"]
[Black "Garcia Martin, Marta"]
[Site "Monzon"]
[Result "1-0"]
[Date "2016.09.30"]
[WhiteElo "2383"]
[BlackElo "2218"]
[PlyCount "133"]
[TimeControl "60"]

1. d4 Nf6 2. Nf3 e6 3. c4 b6 4. g3 Bb7 5. Bg2 Be7 6. 0-0 0-0 7. d5 exd5 8. Nh4 c6 9. cxd5 Nxd5 10. Nf5 Nc7 11. Nd6 Bxd6 12. Qxd6 Nb5 13. Qd2 d5 14. b3 Re8 15. Bb2 Nd7 16. Re1 Nc5 17. Nc3 Nxc3 18. Qxc3 f6 19. Rad1 Qe7 20. Qc2 Ne4 21. f3 Qc5+ 22. Qxc5 Nxc5 23. g4 a5 24. h4 a4 25. b4 Na6 26. a3 Nc7 27. f4 Nb5 28. e4 Kf7 29. Bf1 Nd6 30. e5 fxe5 31. fxe5 Ne4 32. Bg2 Rad8 33. e6+ Ke7 34. g5 Rg8 35. Rf1 Kxe6 36. Rde1 c5 37. h5 g6 38. Rf6+ Ke7 39. Rxb6 Rd7 40. bxc5 Rc8 41. Bh3 Bc6 42. h6 Kd8 43. Rf1 Ke8 44. Bxd7+ Bxd7 45. Rxg6 hxg6 46. h7 Ke7 47. h8=Q Rxh8 48. Bxh8 Nxc5 49. Kf2 Bf5 50. Ke3 Kd6 51. Bf6 Nb3 52. Bc3 Ke6 53. Rf4 Nc5 54. Rb4 Bc2 55. Rb6+ Kf5 56. Rb5 Ne4 57. Rxd5+ Kg4 58. Bf6 Ng3 59. Rd4+ Kf5 60. Kf3 Nh5 61. Bd8 Bb3 62. Rb4 Bd1+ 63. Ke3 Ng3 64. Rf4+ Ke6 65. Rf6+ Kd7 66. Rxg6 Nf5+ 67. Ke4 1-0

[Event "TCh-ESP Div Honor 2016"]
[White "Perez Candelario, Manuel"]
[Black "Castellanos Rodriguez, Renier"]
[Site "Monzon"]
[Result "1/2-1/2"]
[Date "2016.09.30"]
[WhiteElo "2574"]
[BlackElo "2495"]
[PlyCount "103"]
[TimeControl "60"]

1. e4 c5 2. Nf3 e6 3. d4 cxd4 4. Nxd4 Nc6 5. Nxc6 bxc6 6. Bd3 Nf6 7. 0-0 d5 8. Nd2 Be7 9. c4 0-0 10. Qc2 g6 11. Re1 Bb7 12. e5 Nd7 13. Nf3 dxc4 14. Bxc4 c5 15. Bh6 Re8 16. Qe2 Qc7 17. Rac1 Bf8 18. Bxf8 Bxf3 19. Qxf3 Rxf8 20. Qe3 Rab8 21. b3 Qa5 22. h4 Rfd8 23. h5 Nf8 24. Rc2 Rd4 25. Rec1 gxh5 26. Be2 Rbd8 27. Bxh5 Ng6 28. Bf3 Qa3 29. Qg5 Qa5 30. Rxc5 Qxa2 31. Rc8 Qd2 32. Qf6 Rf8 33. g3 Rdd8 34. R8c4 Qb2 35. R1c3 Qb1+ 36. Kg2 Qe1 37. Re3 Qa5 38. Ra4 Qc5 39. Be4 Rd4 40. Rxd4 Qxd4 41. Bxg6 hxg6 42. Rf3 Qd8 43. Qf4 Qc7 44. Rd3 Qc6+ 45. Kh2 Qc2 46. Rd7 Qxb3 47. Rxa7 Qd1 48. g4 Qd8 49. Kg2 Kg7 50. f3 g5 51. Qe3 Rh8 52. Ra1 1/2-1/2

[Event "TCh-ESP Div Honor 2016"]
[White "Radjabov, Teimour"]
[Black "Van Wely, Loek"]
[Site "Monzon"]
[Result "1/2-1/2"]
[Date "2016.09.30"]
[WhiteElo "2722"]
[BlackElo "2674"]
[PlyCount "60"]
[TimeControl "60"]

1. d4 Nf6 2. c4 g6 3. Nc3 d5 4. Bg5 Ne4 5. Bh4 Nxc3 6. bxc3 dxc4 7. e3 Be6 8. Nf3 Bg7 9. Qb1 b6 10. Ng5 Bd5 11. e4 h6 12. exd5 hxg5 13. Qb5+ Qd7 14. Qxd7+ Nxd7 15. Bxg5 b5 16. a4 b4 17. Rc1 bxc3 18. Rxc3 Rb8 19. Rxc4 Nb6 20. Rxc7 Nxd5 21. Rc5 e6 22. Bb5+ Kf8 23. 0-0 Bxd4 24. Rc4 e5 25. Rfc1 Kg7 26. g3 Rb6 27. Kg2 a6 28. Bc6 Nf6 29. h3 Rb2 30. R1c2 Rhb8 1/2-1/2

[Event "TCh-ESP Div Honor 2016"]
[White "Ramiro Ovejero, Juan Luis"]
[Black "Korneev, Oleg"]
[Site "Monzon"]
[Result "1/2-1/2"]
[Date "2016.09.30"]
[WhiteElo "2379"]
[BlackElo "2581"]
[PlyCount "100"]
[TimeControl "60"]

1. e4 c5 2. Nf3 e6 3. g3 Nc6 4. Bg2 Nf6 5. d3 d5 6. Nbd2 Be7 7. 0-0 0-0 8. c3 b5 9. exd5 exd5 10. d4 cxd4 11. Nxd4 Nxd4 12. cxd4 Bg4 13. Nf3 Ne4 14. Qb3 Bxf3 15. Bxf3 Bf6 16. Rd1 Qd7 17. Bf4 Rfe8 18. Bg2 a6 19. Rac1 g5 20. Be5 Bxe5 21. dxe5 Rxe5 22. Bxe4 Rxe4 23. Rxd5 Qe7 24. Qf3 Re8 25. Qf5 Re5 26. Rxe5 Qxe5 27. Qxe5 Rxe5 28. Rc8+ Kg7 29. Ra8 Re6 30. Ra7 g4 31. Kg2 h5 32. h4 Kg6 33. Ra8 Rc6 34. Rg8+ Kh7 35. Ra8 Kg7 36. Rb8 Rc5 37. Ra8 Rc6 38. Rb8 f6 39. Ra8 Kg6 40. Ra7 Rd6 41. Ra8 Re6 42. Ra7 b4 43. a3 bxa3 44. bxa3 Rc6 45. Kg1 Kf5 46. Rh7 Kg6 47. Ra7 Rd6 48. Kg2 Rb6 49. Kg1 Kf5 50. Rh7 Ke5 1/2-1/2

[Event "TCh-ESP Div Honor 2016"]
[White "Rapport, Richard"]
[Black "Franco Alonso, Alejandro"]
[Site "Monzon"]
[Result "1-0"]
[Date "2016.09.30"]
[WhiteElo "2752"]
[BlackElo "2426"]
[PlyCount "71"]
[TimeControl "60"]

1. e4 c5 2. Nc3 Nc6 3. Nf3 e6 4. d4 cxd4 5. Nxd4 Qc7 6. Qd3 Nf6 7. Ndb5 Qb8 8. Qg3 d6 9. Be3 Be7 10. 0-0-0 0-0 11. Nxd6 Nh5 12. Qh3 Bxd6 13. Qxh5 Be5 14. Bc5 Rd8 15. Rxd8+ Nxd8 16. Bb5 g6 17. Qh4 Qc7 18. Be7 Nc6 19. Bxc6 Qxc6 20. Bf6 Bxf6 21. Qxf6 Bd7 22. h4 Qc7 23. Rd1 Bc6 24. h5 Qh2 25. g4 Re8 26. b4 a6 27. a4 e5 28. Kb2 Qf4 29. Qxf4 exf4 30. h6 Kf8 31. f3 Re5 32. Rd8+ Re8 33. Rxe8+ Kxe8 34. b5 axb5 35. axb5 Bd7 36. Nd5 1-0

[Event "TCh-ESP Div Honor 2016"]
[White "Rubio Mejia, Luis Ignacio"]
[Black "Delchev, Aleksander"]
[Site "Monzon"]
[Result "1/2-1/2"]
[Date "2016.09.30"]
[WhiteElo "2447"]
[BlackElo "2591"]
[PlyCount "96"]
[TimeControl "60"]

1. d4 Nf6 2. c4 e6 3. Nf3 d5 4. cxd5 exd5 5. Nc3 c6 6. Qc2 g6 7. Bg5 Be7 8. e3 Bf5 9. Bd3 Bxd3 10. Qxd3 Nbd7 11. 0-0 0-0 12. Bxf6 Nxf6 13. Rab1 a5 14. a3 Bd6 15. Qc2 Qe7 16. g3 Rfe8 17. Rfc1 Kg7 18. Kg2 h5 19. h4 Ng4 20. Re1 f5 21. Ne2 Qe4 22. Qxe4 fxe4 23. Ng5 Nh6 24. Rbc1 Nf5 25. Rc3 Ra6 26. Rc2 a4 27. Nc3 Kf6 28. Kf1 Ke7 29. Ke2 Kd7 30. Kd2 Nh6 31. Ke2 Ng4 32. Nh3 Rf8 33. Rg1 Rf6 34. Rg2 Nh6 35. Rg1 Ra8 36. Rcc1 Ng4 37. Rg2 Bc7 38. Rc2 Nh6 39. Ng5 Nf5 40. Nh3 b5 41. Rg1 Nd6 42. Nf4 Nc4 43. Rh1 Ba5 44. Na2 Ke7 45. Ra1 Rd6 46. Nb4 Kf6 47. Rh1 Kf5 48. Nh3 Bxb4 1/2-1/2

[Event "TCh-ESP Div Honor 2016"]
[White "Salgado Lopez, Ivan"]
[Black "Etchegaray, Patrice"]
[Site "Monzon"]
[Result "1-0"]
[Date "2016.09.30"]
[WhiteElo "2662"]
[BlackElo "2366"]
[PlyCount "143"]
[TimeControl "60"]

1. e4 Nf6 2. e5 Nd5 3. d4 d6 4. Nf3 g6 5. Bc4 Nb6 6. Bb3 Bg7 7. Ng5 e6 8. Qf3 Qe7 9. Ne4 dxe5 10. Bg5 Qb4+ 11. c3 Qa5 12. Bf6 Bxf6 13. Qxf6 0-0 14. Qxe5 Qxe5 15. dxe5 Bd7 16. Nbd2 Bc6 17. f4 N8d7 18. 0-0 a5 19. g3 a4 20. Bc2 Kg7 21. Rfe1 Rfd8 22. Rad1 Bd5 23. Bb1 Nc4 24. Nxc4 Bxc4 25. Rd4 Bd5 26. Red1 Rdb8 27. Kf1 Bxe4 28. Bxe4 Nc5 29. Bf3 Ra5 30. R1d2 Rb5 31. Ke1 Ra5 32. Kd1 Rb5 33. Kc2 Ra5 34. Rd8 Raa8 35. R8d4 Ra5 36. Rd1 h6 37. h4 h5 38. Rd8 Raa8 39. Rxb8 Rxb8 40. b4 axb3+ 41. axb3 c6 42. b4 Na4 43. Kb3 Nb6 44. c4 Kf8 45. b5 cxb5 46. cxb5 Ke7 47. Kb4 Ke8 48. Kc5 Na4+ 49. Kb4 Nb6 50. Rd6 Nc8 51. Rd4 Ne7 52. b6 Rc8 53. Rc4 Rxc4+ 54. Kxc4 Nd5 55. Kc5 Kd7 56. f5 gxf5 57. Bxh5 f6 58. exf6 Nxf6 59. Bf3 e5 60. Bxb7 e4 61. Kd4 Nh5 62. g4 fxg4 63. Bxe4 Kd6 64. b7 Kc7 65. Ke5 Ng7 66. Kf4 Ne6+ 67. Kxg4 Nc5 68. Bd5 Nxb7 69. Bxb7 Kd7 70. Kg5 Ke7 71. Kg6 Kf8 72. Bd5 1-0

[Event "TCh-ESP Div Honor 2016"]
[White "Santos Ruiz, Miguel"]
[Black "Moreno Tejera, Emilio"]
[Site "Monzon"]
[Result "1-0"]
[Date "2016.09.30"]
[WhiteElo "2472"]
[BlackElo "2444"]
[PlyCount "79"]
[TimeControl "60"]

1. e4 e5 2. Nf3 Nc6 3. Bb5 a6 4. Ba4 Nf6 5. d3 d6 6. c3 Be7 7. 0-0 0-0 8. Nbd2 Nd7 9. Bc2 Bf6 10. Nc4 b5 11. Ne3 Nb6 12. d4 g6 13. b3 Bg7 14. Bb2 exd4 15. cxd4 Nb4 16. Bb1 c5 17. Qd2 a5 18. a3 Nc6 19. Rc1 Nxd4 20. Nxd4 cxd4 21. Bxd4 Bxd4 22. Qxd4 Be6 23. Nf5 Bxf5 24. exf5 Re8 25. Be4 Rc8 26. fxg6 hxg6 27. Bc6 Re5 28. Rd1 Qc7 29. Bf3 Qc5 30. Qf4 Qc3 31. h4 Rce8 32. Kh2 Kg7 33. h5 Rh8 34. Rac1 Qxb3 35. Rxd6 Rhxh5+ 36. Bxh5 Rxh5+ 37. Kg1 Nd5 38. Qd4+ Kh6 39. Rd8 Ne7 40. Qf6 1-0